 Dungeon Crawl Stone Soup version 0.21.1-1-g345015f (webtiles) character file.

18390 Kagorn the Fighter (level 12, 0/84 HPs)
             Began as a Halfling Fighter on July 5, 2018.
             Was a High Priest of Dithmenos.
             Killed from afar by an ice dragon (19 damage)
             ... with a blast of cold
             ... in an ice cave.
             The game lasted 01:51:38 (15321 turns).

Kagorn the Fighter (Halfling Fighter)              Turns: 15321, Time: 01:51:39

Health: 0/84       AC: 12    Str: 18    XL:     12   Next: 94%
Magic:  16/16      EV: 16    Int:  6    God:    Dithmenos [*****.]
Gold:   518        SH:  8    Dex: 18    Spells: 2/16 levels left

rFire    . . .     SeeInvis .   C - +6 long sword (slice)
rCold    + . .     Gourm    .   w - +1 buckler
rNeg     . . .     Faith    .   u - +0 scale mail of Osehol {rC+ MR+}
rPois    .         Spirit   .   e - +0 helmet
rElec    .         Reflect  .   I - +0 cloak
rCorr    .         Harm     .   p - +1 pair of gloves
MR       +....                  (no boots)
Stlth    ++++++....             K - amulet of regeneration
HPRegen  0.64/turn              G - ring of stealth
MPRegen  0.15/turn              (no ring)

@: singing (expiring), wreathed by umbra
A: small, mutation resistance 1
a: Shadow Step, Shadow Form, Renounce Religion


You were in an ice cave.
You worshipped Dithmenos.
Dithmenos was extremely pleased with you.
You were not hungry.

You visited 2 branches of the dungeon, and saw 14 of its levels.
You also visited: Ice Cave.

You collected 1008 gold pieces.
You spent 490 gold pieces at shops.

Inventory:

Hand Weapons
 h - a +0 hunting sling
 k - a +4 short sword
 l - a +0 blowgun
 m - a +2 dagger of venom
 C - a +6 long sword of slicing (weapon)
 L - a +2 mace of freezing
Missiles
 j - 126 poisoned needles
 n - 6 sling bullets
Armour
 c - a +0 shield
 e - a +0 helmet (worn)
 p - a +1 pair of gloves (worn)
 u - the +0 scale mail of Osehol (worn) {rC+ MR+}
   (You found it on level 6 of the Dungeon)

   It protects you from cold.
   It affects your resistance to hostile enchantments.
 w - a +1 buckler (worn)
 I - a +0 cloak (worn)
Magical Staves
 B - an uncursed staff of cold
Jewellery
 G - a ring of stealth (left hand)
 K - an amulet of regeneration (around neck)
Wands
 x - a wand of acid (5)
 J - a wand of paralysis (18)
Scrolls
 a - a scroll of amnesia
 g - a scroll of identify
 o - 2 scrolls of magic mapping
 r - 4 scrolls of remove curse
 t - 6 scrolls of teleportation
 M - a scroll of vulnerability {unknown}
 N - a scroll of enchant armour
 O - a scroll of fog
Potions
 b - 2 potions of brilliance
 d - 3 potions of might
 i - a potion of ambrosia
 q - 2 potions of agility
 v - 2 potions of resistance
 z - a potion of lignification
 A - 2 potions of invisibility
 H - a potion of flight {unknown}
Books
 s - a book of Battle

   Spells                             Type                      Level
   a - Infusion                       Charms                       1
   b - Shroud of Golubria             Charms/Translocation         2
   c - Song of Slaying                Charms                       2
   d - Spectral Weapon                Hexes/Charms                 3
   e - Regeneration                   Charms/Necromancy            3
 D - a book of Necromancy

   Spells                             Type                      Level
   a - Pain                           Necromancy                   1
   b - Animate Skeleton               Necromancy                   1
   c - Vampiric Draining              Necromancy                   3
   d - Regeneration                   Charms/Necromancy            3
   e - Animate Dead                   Necromancy                   4
   f - Borgnjor's Vile Clutch         Necromancy/Earth             5
 F - a book of Geomancy

   Spells                             Type                      Level
   a - Sandblast                      Earth                        1
   b - Passwall                       Transmutation/Earth          2
   c - Stone Arrow                    Conjuration/Earth            3
   d - Petrify                        Transmutation/Earth          4
   e - Lee's Rapid Deconstruction     Earth                        5
Comestibles
 f - 15 rations


   Skills:
 * Level 8.3 Fighting
 - Level 7.6(8.9) Short Blades
 * Level 5.8(7.2) Long Blades
 + Level 4.2 Slings
 + Level 7.1 Armour
 + Level 6.2 Dodging
 + Level 7.2 Stealth
 + Level 7.1 Shields
 + Level 2.9 Spellcasting
 + Level 3.6 Hexes
 + Level 4.4 Charms
 + Level 3.3 Necromancy
 + Level 4.4 Translocations
 + Level 4.4 Invocations
 + Level 3.9 Evocations


You had 2 spell levels left.
You knew the following spells:

 Your Spells              Type           Power        Failure   Level  Hunger
a - Vampiric Draining     Necr           #.........   61%         3    ####...
b - Shroud of Golubria    Chrm/Tloc      #.........   26%         2    ###....
c - Spectral Weapon       Hex/Chrm       #.......     52%         3    ####...
d - Regeneration          Chrm/Necr      #.........   54%         3    ####...
e - Song of Slaying       Chrm           #.......     26%         2    ###....
f - Infusion              Chrm           #...         17%         1    ##.....


Dungeon Overview and Level Annotations

Branches:
Dungeon (13/15)            Temple (1/1) D:5            Lair (0/6) D:10
    Orc (0/2) D:9
 Vaults: D:13-14

Altars:
Ashenzari
Cheibriados
Dithmenos
Elyvilon
Fedhas
Gozag
Hepliaklqana
Kikubaaqudgha
Makhleb
Nemelex Xobeh
Okawaru
Qazlal
Ru
Sif Muna
Trog
Uskayaw
Vehumet
Wu Jian
Xom
Yredelemnul
Zin
The Shining One

Shops:
D:7 *:*!


Innate Abilities, Weirdness & Mutations

You are small and have problems with some larger weapons.
You are somewhat resistant to further mutation.


Message History

The ice dragon claws you. The ice dragon closely misses you.
The ice dragon misses you. The ice dragon closely misses you.
The ice dragon tramples you!
You hold your ground!
You hit the ice dragon but do no damage.
The ice dragon is moderately wounded.
You block the ice dragon's attack. x2; The ice dragon misses you.
You block the ice dragon's attack. The ice dragon claws you.
The ice dragon barely misses you. The ice dragon breathes frost at you.
The blast of cold misses you. The ice dragon breathes frost at you.
The blast of cold misses you.
Your song is almost over.
The ice dragon breathes frost at you.
The blast of cold hits the ice dragon.
The ice dragon resists.
The blast of cold hits you! You resist.
* * * LOW HITPOINT WARNING * * *
The ice dragon breathes frost at you. The blast of cold hits you! You resist.
You die...

######...##
##......###
##....#### ######
### ##..####
##$$$$$
##.###..##
"$=..$$ #....#.##
==....$ #.##...#
$......
###..#####
#......###.##@..#
#.....#.DD...##
####......####
########


You could see 2 ice dragons.

Vanquished Creatures
  5 two-headed ogres
  A deep elf mage (D:12)
  2 ice statues (IceCv)
  2 rime drakes (IceCv)
  2 trolls
  A hippogriff (D:9)
  A vampire (D:12)
  Sigmund (D:4)
  39 yaks
  A wyvern (D:12)
  A human (D:8)
  3 hungry ghosts
  3 vampire mosquitoes (D:12)
  A basilisk (D:11)
  Edmund (D:3)
  A water moccasin (D:10)
  5 orc warriors
  4 sky beasts
  16 ice beasts
  2 phantoms
  3 ogres
  A centaur (D:7)
  A crocodile (D:11)
  2 big kobolds
  5 bullfrogs
  A wyvern zombie (D:9)
  A scorpion (D:11)
  A water moccasin skeleton (D:4)
  3 wights (D:12)
  A troll zombie (D:9)
  A centaur zombie (D:8)
  6 crimson imps
  A bullfrog zombie (D:10)
  9 hounds
  2 quasits
  9 orc priests
  3 bullfrog skeletons
  5 iguanas
  17 orc wizards
  9 worker ants
  7 ogre zombies (D:9)
  A hound skeleton (D:10)
  3 worker ant zombies
  Robin (D:4)
  A howler monkey zombie (D:5)
  12 adders
  4 gnolls (D:8)
  3 shadow imps
  2 oozes
  An adder skeleton (D:6)
  3 worms (D:6)
  3 dart slugs
  7 leopard geckos
  45 orcs
  8 giant cockroaches
  14 goblins
  18 hobgoblins
  18 jackals
  5 quokkas
  4 ball pythons
  8 bats
  3 frilled lizards
  A giant cockroach zombie (D:5)
  A goblin zombie (D:9)
  4 hobgoblin skeletons (D:9)
  2 hobgoblin zombies (D:9)
  27 kobolds
  2 orc skeletons (D:9)
  16 orc zombies (D:9)
  A quokka skeleton (D:5)
  A quokka zombie (D:5)
  8 rats
  3 plants (D:8)
410 creatures vanquished.

Vanquished Creatures (others)
  A bullfrog skeleton (D:8)
  A bush (D:7)
2 creatures vanquished.

Grand Total: 412 creatures vanquished

Notes
Turn   | Place    | Note
-------+----------+-------------------------------------------
     0 | D:1      | Kagorn the Halfling Fighter began the quest for the Orb.
     0 | D:1      | Reached XP level 1. HP: 15/15 MP: 1/1
    90 | D:1      | Reached XP level 2. HP: 20/20 MP: 2/2
   224 | D:1      | Reached XP level 3. HP: 17/25 MP: 3/3
   315 | D:1      | Reached skill level 3 in Fighting
   605 | D:2      | Reached skill level 1 in Stealth
   850 | D:2      | Reached skill level 1 in Dodging
  1052 | D:2      | Reached XP level 4. HP: 28/31 MP: 4/4
  1312 | D:2      | Found a sacrificial altar of Ru.
  1338 | D:2      | Found a glowing golden altar of the Shining One.
  1649 | D:3      | Reached XP level 5. HP: 34/36 MP: 5/5
  2048 | D:3      | Found a shadowy altar of Dithmenos.
  2277 | D:3      | Became a worshipper of Dithmenos the Shadowed
  2357 | D:4      | Noticed Robin
  2653 | D:4      | Killed Robin
  2693 | D:4      | Noticed Edmund
  2734 | D:4      | Reached XP level 6. HP: 23/42 MP: 6/6
  2756 | D:3      | Killed Edmund
  3148 | D:4      | Reached skill level 4 in Fighting
  3148 | D:4      | Reached XP level 7. HP: 28/48 MP: 7/7
  3349 | D:4      | Noticed Sigmund
  3385 | D:4      | Killed Sigmund
  3385 | D:4      | Reached skill level 5 in Short Blades
  3852 | D:4      | Reached XP level 8. HP: 32/54 MP: 8/8
  3887 | D:4      | Found a shattered altar of Ashenzari.
  4000 | D:4      | Reached * piety under Dithmenos
  4096 | D:5      | Entered Level 5 of the Dungeon
  4576 | D:5      | Found a white marble altar of Elyvilon.
  4610 | D:5      | Found a staircase to the Ecumenical Temple.
  4681 | Temple   | Entered the Ecumenical Temple
  5414 | D:5      | Reached skill level 5 in Fighting
  5485 | D:5      | Got a distressingly furry robe
  5596 | D:5      | Identified the +1 robe of Pandemonium {rN+} (You found it on level 5 of the Dungeon)
  5612 | D:5      | Reached skill level 5 in Shields
  5617 | D:5      | Reached skill level 5 in Armour
  5886 | D:6      | Reached ** piety under Dithmenos
  5907 | D:6      | Got a warped scale mail
  5908 | D:6      | Identified the +0 scale mail of Osehol {rC+ MR+} (You found it on level 6 of the Dungeon)
  5968 | D:6      | Reached XP level 9. HP: 45/61 MP: 9/9
  6340 | D:6      | Found a blossoming altar of Fedhas.
  6467 | D:6      | Found a hide-covered altar of Uskayaw.
  6920 | D:6      | Found a shimmering altar of Xom.
  7101 | D:6      | Noticed a moth of wrath
  7103 | D:6      | Found a bloodstained altar of Trog.
  7389 | D:6      | Learned a level 3 spell: Vampiric Draining
  7392 | D:6      | Learned a level 2 spell: Shroud of Golubria
  7396 | D:6      | Learned a level 3 spell: Spectral Weapon
  7674 | D:7      | Found Uzavuim's Book Boutique.
  7674 | D:7      | Found a blossoming altar of Fedhas.
  8012 | D:7      | Found a stormy altar of Qazlal.
  8058 | D:7      | Found Fufasonybir's General Store.
  8119 | D:7      | Found Saulaoti's Armour Shoppe.
  8158 | D:7      | Found an ornate altar of the Wu Jian Council.
  8181 | D:7      | Reached skill level 6 in Fighting
  8619 | D:7      | Bought an uncursed amulet of regeneration for 360 gold pieces
  8782 | D:7      | Noticed a troll
  8789 | D:7      | Found Feeng's Distillery.
  8803 | D:7      | Killed a troll
  8803 | D:7      | Reached *** piety under Dithmenos
  8803 | D:7      | Reached skill level 1 in Charms
  8803 | D:7      | Reached skill level 1 in Invocations
  8807 | D:7      | Bought a potion of curing for 33 gold pieces
  8870 | D:7      | Reached skill level 1 in Necromancy
  8898 | D:7      | Found Paik's General Store.
  8905 | D:7      | Reached skill level 1 in Translocations
  8937 | D:7      | Reached skill level 1 in Long Blades
  8952 | D:7      | Reached skill level 1 in Hexes
  8952 | D:7      | Reached skill level 1 in Evocations
  8952 | D:7      | Reached XP level 10. HP: 31/68 MP: 11/11
  9014 | D:7      | Bought a scroll of enchant weapon for 97 gold pieces
  9160 | D:8      | Found a radiant altar of Vehumet.
  9368 | D:8      | Reached skill level 5 in Stealth
  9480 | D:8      | Reached skill level 1 in Spellcasting
  9569 | D:8      | Noticed a two-headed ogre
  9585 | D:8      | Killed a two-headed ogre
  9859 | D:8      | Reached **** piety under Dithmenos
 10467 | D:9      | Found a staircase to the Orcish Mines.
 10625 | D:9      | Reached skill level 5 in Dodging
 10835 | D:9      | Reached skill level 7 in Fighting
 10990 | D:9      | Reached XP level 11. HP: 58/75 MP: 13/13
 11119 | D:9      | Reached ***** piety under Dithmenos
 11150 | D:9      | Found an ancient bone altar of Kikubaaqudgha.
 11167 | D:9      | Found a deep blue altar of Sif Muna.
 11193 | D:9      | Found a radiant altar of Vehumet.
 11291 | D:9      | Found a shattered altar of Ashenzari.
 11432 | D:9      | Noticed a two-headed ogre
 11458 | D:9      | Killed a two-headed ogre
 11458 | D:9      | Reached skill level 1 in Slings
 11656 | D:10     | Entered Level 10 of the Dungeon
 11679 | D:10     | Noticed a two-headed ogre
 11690 | D:10     | Killed a two-headed ogre
 11766 | D:10     | Learned a level 3 spell: Regeneration
 12285 | D:10     | Found a staircase to the Lair.
 12674 | D:11     | Noticed a two-headed ogre
 12684 | D:11     | Killed a two-headed ogre
 12690 | D:11     | Noticed a five-headed hydra
 12870 | D:11     | Reached XP level 12. HP: 82/82 MP: 15/15
 13344 | D:11     | Noticed a two-headed ogre
 13353 | D:11     | Killed a two-headed ogre
 13353 | D:11     | Reached skill level 5 in Long Blades
 13533 | D:11     | Learned a level 2 spell: Song of Slaying
 13535 | D:11     | Learned a level 1 spell: Infusion
 14213 | D:12     | Reached skill level 8 in Fighting
 14249 | D:12     | HP: 2/82 [something (8)]
 14564 | D:13     | Found a frozen archway.
 14634 | IceCv    | Entered an ice cave
 15302 | IceCv    | Noticed an ice dragon
 15303 | IceCv    | Noticed an ice dragon
 15321 | IceCv    | Killed from afar by an ice dragon

Skill      XL: |  1  2  3  4  5  6  7  8  9 10 11 12 |
---------------+-------------------------------------+-----
Short Blades   | 3 4 5 6 7 |  7.6
Fighting       | 3 4 5 6 7 8 |  8.3
Stealth        | 1 2 3 4 5 6 7 |  7.2
Dodging        | 1 2 3 4 5 6 |  6.2
Armour         | 4 5 6 7 |  7.1
Shields        | 4 5 6 7 |  7.1
Charms         | 1 2 3 4 |  4.4
Invocations    | 1 2 3 4 |  4.4
Necromancy     | 1 2 3 |  3.3
Translocations | 1 2 3 4 |  4.4
Long Blades    | 1 3 4 5 |  5.8
Hexes          | 1 2 3 |  3.6
Evocations     | 1 2 3 |  3.9
Spellcasting   | 1 2 |  2.9
Slings         | 2 4 |  4.2

Action                   |  1- 3 |  4- 6 |  7- 9 | 10-12 || total
-------------------------+-------+-------+-------+-------++-------
Melee: Rapier            |   120 |    65 |       |       ||   185
       Dagger            |       |   217 |   497 |       ||   714
       Long sword        |       |       |   125 |   840 ||   965
       Short sword       |       |       |       |    54 ||    54
 Cast: Song of Slaying   |       |       |       |     1 ||     1
  Use: Scroll            |     4 |     1 |    11 |    17 ||    33
       Potion            |       |     6 |     2 |    12 ||    20
 Stab: Invisible         |       |     3 |       |     7 ||    10
       Sleeping          |       |       |     4 |    24 ||    28
       Distracted        |       |       |     1 |     2 ||     3
  Eat: Ration            |       |     3 |     5 |     9 ||    17
Armor: Scale mail        |    47 |    81 |   108 |   154 ||   390
       Skin              |       |     5 |       |       ||     5
Dodge: Dodged            |    45 |   139 |   300 |   556 ||  1040
Block: Shield            |    80 |    36 |       |       ||   116
       Buckler           |       |    61 |   156 |   293 ||   510
       Rpst.: Long sword |       |       |    23 |   149 ||   172
